 Dungeon Crawl Stone Soup version 0.28-a0-580-ga2639ab843 (webtiles) character file.

Game seed: 10850412833992190982

49 avis the Insei (level 3, -3/24 HPs)
             Began as an Octopode Transmuter on Oct 2, 2021.
             Slain by an ufetubus (4 damage)
             ... on level 3 of the Dungeon on Oct 3, 2021.
             The game lasted 00:15:56 (2612 turns).

avis the Insei (Octopode Transmuter)                Turns: 2612, Time: 00:15:57

Health: -3/24      AC:  1    Str: 10    XL:     3   Next: 75%
Magic:  5/6        EV: 13    Int: 15    God:
Gold:   82         SH:  0    Dex: 12    Spells: 2/6 levels left

rFire   x . .      SeeInvis .   a - +0 dagger
rCold   + . .      Faith    .   (no shield)
rNeg    + . .      Spirit   .   (helmet currently unavailable)
rPois   .          Reflect  .   (no amulet)
rElec   .          Harm     .   i - ring of positive energy
rCorr   .          Rampage  .   d - ring of willpower
Will    +....                   n - ring of ice
Stlth   +++.......              (no ring)
HPRegen 0.08/turn               (no ring)
MPRegen 0.10/turn               (no ring)
                                (no ring)
                                (no ring)

@: appendages, attractive
A: tentacle spike 3, almost no armour, amphibious, 8 rings, camouflage 1,
gelatinous body 1, (nimble swimmer 1), tentacles
a: End Transformation


You were on level 3 of the Dungeon.
One of your tentacles had grown a beastly spike.
You visited 1 branch of the dungeon, and saw 4 of its levels.

You collected 82 gold pieces.

Inventory:

Hand Weapons
 a - a +0 dagger (weapon)
 b - a +1 hunting sling of flaming
Missiles
 g - 91 stones
 j - 3 throwing nets
 o - 4 boomerangs
Jewellery
 d - a ring of willpower (right tentacle)
 i - a ring of positive energy (left tentacle)
 n - a ring of ice (on tentacle)
Scrolls
 e - a scroll of enchant weapon
 f - 2 scrolls of teleportation
 l - a scroll of magic mapping {unknown}
 m - a scroll of identify {unknown}
Potions
 h - a potion of curing {unknown}


   Skills:
 - Level 2.0 Fighting
 - Level 2.0 Dodging
 - Level 1.0 Stealth
 * Level 4.1 Unarmed Combat
 - Level 2.0 Spellcasting
 - Level 2.0 Transmutations


You had 2 spell levels left.
You knew the following spells:

 Your Spells              Type           Power      Damage    Failure   Level
a - Beastly Appendage     Tmut           14%        N/A       10%         1
p - Spider Form           Tmut/Pois      2%         N/A       41%         3

Your spell library contained the following spells:

 Spells                   Type           Power      Damage    Failure   Level
 Wereblood                Tmut           7%         N/A       14%         2
 Animate Skeleton         Necr           2%         N/A       22%         1
 Pain                     Necr           4%         1d4       22%         1
 Dazzling Flash           Conj/Hex       2%         N/A       54%         3
 Vampiric Draining        Necr           0%         2d6       54%         3
 Ice Form                 Ice/Tmut       6%         N/A       82%         4
 Agony                    Necr           1%         N/A       99%         5
 Silence                  Hex/Air        0%         N/A       99%         5


Dungeon Overview and Level Annotations

Branches:
Dungeon (4/15)
 Temple: D:4-7

Altars:
Elyvilon
Zin
The Shining One


Innate Abilities, Weirdness & Mutations

One of your tentacles has grown a beastly spike.
You cannot wear most types of armour.
You are amphibious.
You can wear up to eight rings at the same time.
Your skin changes colour to match your surroundings (Stealth+).
Your rubbery body absorbs attacks. (AC +1, EV +1)
((You are camouflaged near water. (Stealth+)))
You have tentacles for arms and can constrict up to eight enemies at once.


Message History

You climb downwards.
You hear the hiss of flowing sand.
There is an entrance to an ossuary on this level.
Hurry and find it before the portal is buried!
Found a scroll of teleportation.
Found a stone staircase leading down.
There is a stone staircase leading up here.
Blink to where?
Press: ? - help, Dir - move target An ufetubus comes into view.
As you read the scroll labelled XIRIDU DECINK, it crumbles to dust.
It was a scroll of blinking.
f - 2 scrolls of teleportation (gained 1)
The ufetubus shouts!
You hear an angry hiss.
An iguana comes into view.
Your transformation is almost over.
There is a stone staircase leading up here.
The ufetubus barely misses you. x2; The ufetubus misses you.
The ufetubus hits you.
You climb upwards.
There is a stone staircase leading down here.
You hit the ufetubus. Your grab misses the ufetubus.
The ufetubus is lightly wounded.
The ufetubus hits you. x2
You barely miss the ufetubus. Your grab misses the ufetubus.
The ufetubus is lightly wounded.
Your tentacle spike disappears.
The ufetubus barely misses you. The ufetubus hits you. x2
* * * LOW HITPOINT WARNING * * *
The ufetubus hits you.
* * * LOW HITPOINT WARNING * * *
Casting: Beastly Appendage (safe; 10% risk of failure)
Confirm with . or Enter, or press ? or * to list all spells.
One of your tentacles grows a vicious spike.
The ufetubus hits you.
* * * LOW HITPOINT WARNING * * *
The ufetubus hits you.
* * * LOW HITPOINT WARNING * * *
It was a potion of attraction.
You feel attractive to monsters. The ufetubus barely misses you.
The ufetubus hits you.
You die...

#.........# #..#......
#..[......## ##...#....
#..........# #..#.....
#.......†.<#######........
#######.##....#...........
#.#####.............
#...................
###.................
###@............^...
##..5................
######..##.#######.....#..
#....#..##.######.........
#....##.................#.
#........#.######.......#.
#....###.....####.........
#....###.................#
#....##.................##


You could see an ufetubus.

Vanquished Creatures
  An adder (D:3)
  6 ball pythons
  An endoplasm (D:3)
  3 giant cockroaches
  3 goblins
  5 hobgoblins
  A quokka (D:2)
  4 bats
  3 frilled lizards
  8 kobolds
  3 rats
38 creatures vanquished.

Notes
Turn   | Place    | Note
-------+----------+-------------------------------------------
     0 | D:1      | avis the Octopode Transmuter began the quest for the Orb.
     0 | D:1      | Reached XP level 1. HP: 13/13 MP: 3/3
   120 | D:1      | Reached skill level 1 in Stealth
   143 | D:1      | Found a faded altar of an unknown god.
   236 | D:1      | Reached XP level 2. HP: 18/18 MP: 3/5
  1583 | D:2      | Reached skill level 4 in Unarmed Combat
  1583 | D:2      | Reached XP level 3. HP: 14/23 MP: 4/6
  1604 | D:2      | Learned a level 3 spell: Spider Form
  2389 | D:3      | Found a glowing golden altar of the Shining One.
  2390 | D:3      | Found a glowing silver altar of Zin.
  2391 | D:3      | Found a white marble altar of Elyvilon.
  2611 | D:3      | HP: 1/24 [ufetubus (1)]
  2612 | D:3      | Slain by an ufetubus

Illustrated notes

Levels and vault maps discovered:
D:1:      dpeg_arrival_shelter, layout_loops_ring,
          shapermc_ecumenical_altar_notcrosses, chequers_jeans,
          amcnicky_mini_corridor_feature
D:2:      layout_basic
D:3:      layout_rooms, good_gods_temple_1
D:4:      layout_cave_pods, nicolae_ossuary_entry_giza

Skill      XL: |  1  2  3 |
---------------+----------+-----
Stealth        | 1 |  1.0
Unarmed Combat | 4 |  4.1
Fighting       | 2 |  2.0
Dodging        | |  2.0
Spellcasting   | |  2.0
Transmutations | |  2.0

Action                   || total
-------------------------++-------
Melee: Unarmed           ||    10
       Constrict         ||    17
       Dagger            ||    53
       Kick              ||     7
       Tentacles         ||     5
       Punch             ||     1
 Fire: Hunting sling     ||    28
 Cast: Beastly Appendage ||    27
  Use: Scroll            ||     3
       Potion            ||     1
 Stab: Sleeping          ||     9
Dodge: Dodged            ||    37

Table legend: (Time is in decaauts)
 A = Elapsed time spent in this place.
 B = Non-inter-level travel time spent in this place.
 C = Inter-level travel time spent in this place.
 D = Time resting spent in this place.
 E = Time spent auto-exploring this place.
 F = Levels seen in this place.
 G = Mean time per level.
                   A        B        C        D        E       F      G
               +--------+--------+--------+--------+--------+-----+--------+
         Total |   2612 |   2353 |    259 |    465 |   1359 |   4 |  653.0 |
       Dungeon |   2612 |   2353 |    259 |    465 |   1359 |   4 |  653.0 |
               +--------+--------+--------+--------+--------+-----+--------+

Top non-repeatable levels by time:
     D:2: 1294 daAuts
     D:1: 838 daAuts
     D:3: 465 daAuts
     D:4: 15 daAuts
